 Dungeon Crawl Stone Soup version 0.29.1-12-g30fa7ad0bf (webtiles) character file.

Game seed: 9058410161317034636

3838 IcyTea the Firebug (level 9, -8/72 HPs)
             Began as a Demigod Fire Elementalist on Dec 23, 2022.
             Killed from afar by an orc sorcerer (24 damage)
             ... with a bolt of fire
             ... on level 7 of the Dungeon.
             The game lasted 00:30:52 (7730 turns).

IcyTea the Firebug (Demigod Fire Elementalist)      Turns: 7730, Time: 00:30:53

Health: -8/72      AC: 13    Str: 19    XL:     9   Next: 66%
Magic:  15/19      EV: 12    Int: 25    God:
Gold:   2914       SH:  0    Dex: 14    Spells: 5/17 levels left

rFire   . . .      SeeInvis .   a - +1 long sword (spect)
rCold   . . .      Faith    .   (no shield)
rNeg    . . .      Spirit   .   I - +2 ring mail {Will+}
rPois   .          Reflect  .   h - +1 helmet
rElec   .          Harm     .   g - scarf {repulsion}
rCorr   .          Rampage  .   c - +1 pair of gloves
Will    +....                   B - +0 pair of boots
Stlth   ++........              (no amulet)
HPRegen 0.22/turn               i - +6 ring of strength
MPRegen 0.16/turn               (no ring)

@: repel missiles
A: high MP 1, forlorn, divine attributes
a: no special abilities


You were on level 7 of the Dungeon.
You visited 2 branches of the dungeon, and saw 8 of its levels.
You also visited: Sewer.

You collected 2914 gold pieces.

Inventory:

Hand Weapons
 a - a +1 spectral long sword (weapon)
 b - a +1 dagger of venom
 E - a +1 long sword
Missiles
 j - 16 poisoned darts
Armour
 c - a +1 pair of gloves (worn)
 g - a scarf of repulsion (worn)
 h - a +1 helmet (worn)
 B - a +0 pair of boots (worn)
 H - +0 swamp dragon scales
 I - a +2 ring mail of willpower (worn)
Jewellery
 i - a +6 ring of strength (left hand)
Scrolls
 p - a scroll of immolation
 t - a scroll of amnesia {unknown}
 u - a scroll of silence {unknown}
 x - 3 scrolls of poison
 A - 2 scrolls of magic mapping {unknown}
 D - a scroll of teleportation {unknown}
 F - a scroll of noise {unknown}
 G - a scroll of fear {unknown}
 J - 2 scrolls of summoning {unknown}
 K - a scroll of acquirement
Potions
 d - a potion of degeneration {unknown}
 e - a potion of ambrosia {unknown}
 f - 2 potions of flight
 k - 5 potions of brilliance
 l - 3 potions of might
 m - 2 potions of magic
 n - 2 potions of haste
 o - 3 potions of resistance
 q - 2 potions of invisibility {unknown}
 r - 2 potions of curing
 s - 2 potions of mutation {unknown}
 v - a potion of cancellation
 w - a potion of attraction {unknown}
 z - a potion of lignification {unknown}
 C - 2 potions of heal wounds


   Skills:
 + Level 4.5 Fighting
 + Level 4.6 Long Blades
 + Level 4.5 Armour
 - Level 3.0 Dodging
 - Level 3.0 Stealth
 + Level 4.6 Spellcasting
 + Level 4.8 Conjurations
 - Level 4.0 Hexes
 + Level 5.5 Fire Magic
 + Level 1.6 Air Magic


You had 5 spell levels left.
You knew the following spells:

 Your Spells              Type           Power      Damage    Failure   Level
a - Foxfire               Conj/Fire      100%       2x1d9     1%          1
b - Scorch                Fire           66%        2d8       2%          2
c - Flame Wave            Conj/Fire      31%        2d9       17%         4
d - Slow                  Hex            100%       N/A       2%          1
e - Airstrike             Air            7%         2d(1-17)  56%         4

Your spell library contained the following spells:

 Spells                   Type           Power      Damage    Failure   Level
 Conjure Flame            Conj/Fire      31%        6-21      4%          3
 Inner Flame              Hex/Fire       29%        N/A       6%          3
 Confusing Touch          Hex            25%        N/A       9%          3
 Tukima's Dance           Hex            25%        N/A       9%          3
 Beastly Appendage        Tmut           10%        N/A       14%         1
 Stone Arrow              Conj/Erth      34%        3d9       16%         3
 Mephitic Cloud           Conj/Pois/Air  16%        N/A       17%         3
 Portal Projectile        Hex/Tloc       30%        N/A       19%         3
 Ignite Poison            Fire/Tmut/Pois 15%        N/A       21%         3
 Wereblood                Tmut           5%         N/A       22%         2
 Spider Form              Tmut/Pois      5%         N/A       41%         3
 Vampiric Draining        Necr           5%         2d6       41%         3
 Summon Lightning Spire   Summ/Air       10%        N/A       69%         4
 Lightning Bolt           Conj/Air       11%        1d24      71%         5
 Animate Armour           Summ/Erth      10%        N/A       82%         4
 Freezing Cloud           Conj/Ice/Air   8%         6-21      85%         5
 Blade Hands              Tmut           2%         N/A       99%         5
 Lehudib's Crystal Spear  Conj/Erth      8%         10d4      100%        8


Dungeon Overview and Level Annotations

Branches:
Dungeon (7/15)             Temple (1/1) D:6           Sewer (visited)


Innate Abilities, Weirdness & Mutations

You have an increased reservoir of magic. (+10% MP)
You shall have no god before yourself.
Your divine heritage dramatically boosts your attributes as you level up.


Message History

Items here: ))) [[ †.
Things that are here:
a +1 dagger of draining; a +0 chain mail; an orc corpse
Items here: ))) [[ †.
Things that are here:
a +1 dagger of draining; a +0 chain mail; an orc corpse
l - 3 potions of might (gained 2)
You start resting.
Magic restored.
You start resting.
HP restored.
A wizard and an orc sorcerer come into view.
The orc sorcerer is wielding a +1 dagger of venom.
Found a scroll of brand weapon.
Casting: Scorch (safe; 2% risk of failure)
Press: ? - help, Q - select action, (/) - cycle Dir - look around, f - activate Flames lash the wizard.
The wizard shouts!
The wizard is lightly wounded.
The wizard's fire resistance burns away.
The orc sorcerer shouts!
You hear a shout! x3
The wizard points at you and mumbles some strange words.
The fireball explodes!
The fireball engulfs you!!
Casting: Scorch (safe; 2% risk of failure)
Press: ? - help, Q - select action, (/) - cycle Dir - look around, f - activate Flames lash the orc sorcerer.
The orc sorcerer is lightly wounded.
The orc sorcerer's fire resistance burns away.
You are engulfed in a cloud of scalding steam.
An orc comes into view. It is wielding a +0 hand axe.
As you read the scroll labelled FUKHAE KIASME, it crumbles to dust.
Your body is wracked with pain!
* * * LOW HITPOINT WARNING * * *
The wizard convulses!
The orc sorcerer convulses!
The orc convulses!
It was a scroll of torment.
You are engulfed in a cloud of scalding steam.
* * * LOW HITPOINT WARNING * * *
The orc sorcerer gestures at you while chanting.
The bolt of fire hits you!!
You die...

.............####......#
....................##...#
...............#.#### ##..
............#..#.# .
..........#.##.#.#
..##.............#
..#########...##.##### ..#
#....§§§....## ..#
#...≈§~@~≈≈..# ..#
#..≈≈##§##≈≈.# ..#
#..≈##op.# ≈.# ..#
#..≈#.?.[.# # ..#
#..≈........ ..#
##.≈#.....#~. ..#
#.≈##...##≈o ~.# #. ##.##
.# ..#


You could see a wizard (combustible), an orc sorcerer (combustible) and an orc.

Vanquished Creatures
  A two-headed ogre (D:6)
  Pikel (D:5)
  Maggie (D:6)
  Sigmund (D:5)
  Duvessa (D:7)
  2 water moccasins
  An ice beast (D:5)
  An ogre (D:6)
  A black bear (D:7)
  3 phantoms
  A kobold brigand (Sewer)
  A gnoll sergeant (D:5)
  A scorpion (D:4)
  A necrophage (D:4)
  3 wights (D:6)
  Dowan (D:7)
  A vampire bat (D:3)
  A howler monkey (D:6)
  2 electric eels (D:7)
  2 jellies
  6 hounds
  4 orc priests
  An iguana (D:5)
  6 orc wizards
  7 gnolls
  12 adders
  6 river rats (Sewer)
  A shadow imp (D:6)
  An ufetubus (D:5)
  A worm (D:3)
  2 dart slugs
  26 orcs
  14 ball pythons
  13 bats
  12 endoplasms
  6 giant cockroaches
  6 goblins
  3 hobgoblins (D:2)
  4 jackals (D:2)
  6 quokkas
  9 frilled lizards
  24 kobolds
  26 rats
223 creatures vanquished.

Vanquished Creatures (others)
  231 foxfires
  3 plants
234 creatures vanquished.

Grand Total: 457 creatures vanquished

Notes
Turn   | Place    | Note
-------+----------+-------------------------------------------
     0 | D:1      | IcyTea the Demigod Fire Elementalist began the quest for
                  | the Orb.
     0 | D:1      | Reached XP level 1. HP: 14/14 MP: 5/5
   220 | D:1      | Reached skill level 1 in Conjurations
   280 | D:1      | Reached XP level 2. HP: 20/20 MP: 2/7
   374 | D:1      | Learned a level 2 spell: Scorch
   891 | D:2      | Reached XP level 3. HP: 12/27 MP: 1/8
  1108 | D:2      | Reached skill level 3 in Fire Magic
  1174 | D:2      | You fall into a shaft and drop 1 floor!
  1191 | D:3      | Reached skill level 1 in Long Blades
  1200 | D:3      | Reached skill level 1 in Armour
  1200 | D:3      | Reached XP level 4. HP: 29/34 MP: 3/9
  1405 | D:3      | Learned a level 4 spell: Flame Wave
  1481 | D:3      | Reached skill level 1 in Fighting
  1703 | D:3      | Reached XP level 5. HP: 40/40 MP: 11/11
  2540 | D:2      | Learned a level 1 spell: Slow
  2844 | D:4      | Identified a scroll of acquirement
  2844 | D:4      | Acquired 688 gold pieces
  2952 | D:4      | Reached XP level 6. HP: 41/48 MP: 0/12
  3303 | D:4      | Reached skill level 1 in Hexes
  3477 | D:4      | Found a glowing drain.
  3491 | Sewer    | Entered a sewer
  3838 | Sewer    | Reached XP level 7. HP: 54/55 MP: 14/14
  4366 | D:5      | Entered Level 5 of the Dungeon
  4463 | D:5      | Noticed Sigmund
  4687 | D:5      | Noticed Pikel
  4695 | D:5      | Killed Pikel
  4696 | D:5      | Reached skill level 4 in Fire Magic
  4696 | D:5      | Reached XP level 8. HP: 52/63 MP: 9/16
  5464 | D:5      | Killed Sigmund
  5708 | D:5      | Acquired 1105 gold pieces
  6327 | D:6      | Acquired 803 gold pieces
  6443 | D:6      | Noticed a two-headed ogre
  6468 | D:6      | Killed a two-headed ogre
  6469 | D:6      | Reached skill level 5 in Fire Magic
  6469 | D:6      | Reached XP level 9. HP: 71/71 MP: 3/18
  6579 | D:6      | Learned a level 4 spell: Airstrike
  6694 | D:6      | Found a staircase to the Ecumenical Temple.
  6706 | D:6      | Noticed Maggie
  6715 | D:6      | Killed Maggie
  6716 | D:6      | Reached skill level 1 in Air Magic
  6890 | Temple   | Entered the Ecumenical Temple
  7044 | D:7      | Noticed Duvessa
  7048 | D:7      | Noticed Dowan
  7066 | D:7      | Killed Duvessa
  7068 | D:7      | Killed Dowan
  7727 | D:7      | Noticed a wizard
  7727 | D:7      | Noticed an orc sorcerer
  7730 | D:7      | Killed from afar by an orc sorcerer

Illustrated notes

Levels and vault maps discovered:
D:1:      amcnicky_arrival_abandoned_market, layout_basic,
          dreamdust_ecumenical_altar_grove, minmay_lizard_pond
D:2:      layout_basic, basic_altar
D:3:      layout_basic, nicolae_concentric_dashed_squares_mild, roderic_batcave,
          minmay_shallow_snake_nest
D:4:      layout_basic, mainiacjoe_overflow_cross_hatched, portal_sewer_entry_f
D:5:      layout_cave_pods, eat_drink_and_be_merry_uskayaw, uniq_sigmund,
          uniq_pikel
D:6:      layout_basic, nicolae_overflow_hidden_temple, grunt_qazlal_clouds,
          minmay_temple_entry_slanted, uniq_maggie
D:7:      cheibrodos_wizards_tower, layout_basic, serial_rivers,
          chequers_serial_rivers_large_b, chequers_serial_rivers_small_a,
          chequers_serial_rivers_micro_a, chequers_serial_rivers_micro_b,
          chequers_serial_rivers_small_a, serial_bayou_lagoon_b, uniq_duvessa
Temple:   chequers_temple_sunken

Skill      XL: |  1  2  3  4  5  6  7  8  9 |
---------------+----------------------------+-----
Conjurations   | 1 2 3 4 |  4.8
Stealth        | 2 3 |  3.0
Dodging        | 2 3 |  3.0
Spellcasting   | 2 3 4 |  4.6
Fire Magic     | 3 4 5 |  5.5
Long Blades    | 1 2 3 4 |  4.6
Armour         | 1 2 3 4 |  4.5
Fighting       | 1 2 3 4 |  4.5
Hexes          | 1 2 3 4 |  4.0
Air Magic      | 1 |  1.6

Action                   |  1- 3 |  4- 6 |  7- 9 || total
-------------------------+-------+-------+-------++-------
Melee: Long sword        |    25 |    24 |   121 ||   170
       Dagger            |       |   115 |       ||   115
       Punch             |       |     2 |       ||     2
 Cast: Foxfire           |    22 |   102 |     7 ||   131
       Scorch            |       |     5 |    64 ||    69
       Flame Wave        |       |       |     3 ||     3
       Slow              |       |       |     1 ||     1
  Use: Scroll            |       |    10 |     4 ||    14
       Potion            |       |       |     5 ||     5
 Stab: Sleeping          |     2 |     1 |     1 ||     4
Armor: Leather armour    |     5 |    31 |       ||    36
       Ring mail         |       |    51 |    72 ||   123
       Swamp dragon scal |       |       |    10 ||    10
Dodge: Dodged            |    18 |   136 |   109 ||   263
       Repelled          |       |     1 |     1 ||     2
